 Dungeon Crawl Stone Soup version 0.30.1-4-g462c640d31 (webtiles) character file.

Game seed: 10499439021690945975

9659 boopmooplesden the Protected (level 11, -9/147 HPs)
             Began as an Armataur Berserker on Aug 17, 2023.
             Was a High Priest of Trog.
             Mangled by a death knight
             ... wielding a +4 battleaxe
              (18 damage)
             ... on level 11 of the Dungeon.
             The game lasted 00:12:46 (9042 turns).

boopmooplesden the Protected (Armataur Berserker)   Turns: 9042, Time: 00:12:46

Health: -9/147     AC: 33    Str: 28    XL:     11   Next: 25%
Magic:  11/11      EV: 10    Int:  7    God:    Trog [*****.]
Gold:   767        SH:  0    Dex: 20    Spells: 10/10 levels left

rFire   . . .        M - +0 dire flail (protect)
rCold   . . .        (shield currently unavailable)
rNeg    . . .        f - +0 plate armour
rPois   .            H - +0 helmet of Gestures {Str+2}
rElec   +            z - +1 cloak
rCorr   .            s - +0 pair of gloves
SInv    .            A - +1 barding
Will    .....        d - amulet "Ynuewom" {RegenMP *Corrode rElec Dex+3} Stlth
                     e - +5 ring of evasion
HPRegen 0.44/turn    i - +6 ring of dexterity
MPRegen 0.52/turn

%: corrode self (3%), roll
@: berserking, under a protective aura, very quick
A: large, rugged brown scales 3, deformed body, armoured tail, roll, long
tongue, awkward tongue
a: Renounce Religion, Berserk, Trog's Hand, Brothers in Arms


You were on level 11 of the Dungeon.
You worshipped Trog.
Trog was extremely pleased with you.
You visited 1 branch of the dungeon, and saw 10 of its levels.

You collected 767 gold pieces.

Inventory:

Hand Weapons
 a - a +1 mace of draining
 M - a +0 dire flail of protection (weapon)
Missiles
 c - 40 poisoned darts (quivered)
 J - a throwing net
Armour
 f - a +0 plate armour (worn)
 s - a +0 pair of gloves (worn)
 z - a +1 cloak (worn)
 A - a +1 barding (worn)
 H - the +0 helmet of Gestures (worn) {Str+2}
   (You found it on level 6 of the Dungeon)

   Str:       It affects your strength (+2).
Jewellery
 d - the amulet "Ynuewom" (around neck) {RegenMP *Corrode rElec Dex+3}
   (You acquired it on level 2 of the Dungeon)

   [amulet of magic regeneration]

   It increases your rate of magic regeneration.
   Dex:       It affects your dexterity (+3).
   rElec:     It insulates you from electricity.
   *Corrode:  It may corrode you when you take damage.
 e - a +5 ring of evasion (left hand)
 i - a +6 ring of dexterity (right hand)
 p - a ring of magical power
 B - a +6 ring of strength
 D - a ring of positive energy
 E - a +6 ring of dexterity
 G - a ring of protection from cold
 Q - a ring of positive energy
Wands
 b - a wand of flame (29)
 I - a wand of mindburst (13)
 L - a wand of iceblast (3)
 O - a wand of acid (4)
Scrolls
 g - 2 scrolls of fog
 o - 3 scrolls of fear
 u - 5 scrolls of teleportation
 v - 12 scrolls of identify
 x - 2 scrolls of silence
 y - a scroll of noise {unknown}
Potions
 h - 3 potions of curing {unknown}
 j - 4 potions of might {unknown}
 k - 4 potions of magic {unknown}
 l - a potion of ambrosia {unknown}
 m - 3 potions of heal wounds {unknown}
 n - a potion of lignification {unknown}
 q - 2 potions of flight
 r - a potion of mutation
 t - 3 potions of resistance {unknown}
 w - 2 potions of haste
 C - 4 potions of brilliance {unknown}
 F - 2 potions of degeneration {unknown}
 K - a potion of berserk rage {unknown}
 N - a potion of attraction {unknown}
 P - a potion of cancellation {unknown}


   Skills:
 + Level 7.5 Fighting
 + Level 11.5 Maces & Flails
 + Level 1.3 Throwing
 + Level 12.1 Armour
 + Level 2.2 Dodging
 + Level 0.8 Stealth


You had 10 spell levels left.
You didn't know any spells.
Your spell library was empty.

Dungeon Overview and Level Annotations

Branches:
Dungeon (9/15)             Temple (0/1) D:5
   Lair: D:8-11         Orc: D:9-12

Altars:
Gozag
Jiyva

Shops:
D:3 =   D:11 [:?[*

Annotations:
D:11 3 runed translucent doors, Stellion's ghost, journeyman DrCj


Innate Abilities, Weirdness & Mutations

You are completely covered in rugged brown scales. (AC +3, +7% HP)
Armour fits poorly on your strangely shaped body.
You have a long armoured tail.
You roll when moving toward enemies. (Rampage)
Your long tongue fully drains potion bottles. (2x potion effects)
Your tongue gives you trouble enunciating. (1.5x scroll delay)


Message History

You open the door.
A death knight comes into view. It is wielding a +4 battleaxe.
The death knight shouts!
The death knight offers itself to Yredelemnul, and fills with unholy energy.
You roll towards the death knight!
The death knight invokes the aid of Yredelemnul against you.
Your body is wracked with pain!
A red film seems to cover your vision as you go berserk!
You feel yourself moving faster!
You feel mighty!
You closely miss the death knight.
The death knight hits you with a +4 battleaxe.
You hit the death knight.
Your weapon exudes an aura of protection.
The death knight is lightly wounded.
The death knight reflects your damage back at you!
You barely miss the death knight.
The death knight is lightly wounded.
The death knight hits you with a +4 battleaxe!!
You closely miss the death knight. You tail-slap the death knight!
The death knight is moderately wounded.
The death knight reflects your damage back at you!
You bludgeon the death knight!!
The death knight is heavily wounded.
The death knight reflects your damage back at you!
* * * LOW HITPOINT WARNING * * *
The death knight hits you with a +4 battleaxe.
* * * LOW HITPOINT WARNING * * *
You bludgeon the death knight!!
The death knight is almost dead.
The death knight reflects your damage back at you!
* * * LOW HITPOINT WARNING * * *
You closely miss the death knight.
The death knight is almost dead.
The death knight closely misses you.
You closely miss the death knight.
The death knight is almost dead.
You closely miss the death knight.
The death knight is almost dead.
The death knight hits you with a +4 battleaxe!!
You die...

##.# #.############## #.#
#..............# ##.#
###########..####.#
##.####...#######..# #.#
##.................# #(#
...#######.....###### #.#
.####...##.....##...###.#########
.# #....[#.....#.....##.....∩....
## #...).'..8..'@p...############
# #.....#.....#.....#.# #
#####...##.....##...##.# #
...#########+### #####.# # ...#
#.# #.# ### ##.# #.# #.# #.. .#.#
#.# #.# #.# .#.# #.# #.# #.# .#.#
#.# #.# #.#


You could see a death knight (reflects damage).

Vanquished Creatures
  An ogre mage (D:11)
  Erica (D:8)
  A tengu warrior (D:9)
  A two-headed ogre (D:9)
  2 cyclopes
  The ghost of Esekla the Grave Robber, a novice DENe of Vehumet (D:8)
  A troll (D:11)
  Prince Ribbit (D:5)
  A slime creature (D:8)
  2 yaks (D:9)
  A wyvern (D:7)
  A vampire mosquito (D:9)
  A steam dragon (D:7)
  An acid dragon (D:9)
  Duvessa (D:5)
  3 sky beasts
  An ice beast (D:6)
  3 orc warriors
  A black bear (D:7)
  An ogre (D:6)
  4 centaurs (D:11)
  3 phantoms
  5 kobold brigands
  8 bullfrogs
  A gnoll sergeant (D:9)
  2 scorpions
  19 wights
  Dowan (D:5)
  9 killer bees
  6 howler monkeys
  3 jellies (D:8)
  2 gnoll boudas
  4 orc priests
  4 iguanas
  4 orc wizards
  12 gnolls
  5 adders
  A shadow imp (D:7)
  A white imp (D:5)
  2 ufetubi
  8 worms
  3 dart slugs
  21 orcs
  2 ball pythons (D:1)
  4 bats
  5 endoplasms
  2 giant cockroaches
  8 goblins
  14 hobgoblins
  4 jackals (D:2)
  27 kobolds
  2 quokkas
  3 frilled lizards
  5 rats
230 creatures vanquished.

Vanquished Creatures (others)
  An unseen horror (D:11)
  A yak (D:11)
2 creatures vanquished.

Grand Total: 232 creatures vanquished

Notes
Turn   | Place    | Note
-------+----------+-------------------------------------------
     0 | D:1      | boopmooplesden the Armataur Berserker began the quest for
                  | the Orb.
     0 | D:1      | Reached XP level 1. HP: 19/19 MP: 1/1
   188 | D:1      | Reached XP level 2. HP: 27/27 MP: 2/2
   757 | D:2      | Reached XP level 3. HP: 31/33 MP: 3/3
   767 | D:2      | Reached ** piety under Trog
  1087 | D:2      | Reached XP level 4. HP: 40/40 MP: 4/4
  1314 | D:2      | Identified a scroll of acquirement
  1314 | D:2      | Acquired the amulet "Ynuewom" {RegenMP *Corrode rElec
                  | Dex+3}
  1532 | D:3      | Reached skill level 3 in Armour
  1828 | D:3      | Noticed a phantom
  1838 | D:3      | Killed a phantom
  1839 | D:3      | Reached XP level 5. HP: 38/49 MP: 5/5
  1904 | D:3      | Found Nofrynt's Jewellery Shoppe.
  2259 | D:4      | Reached XP level 6. HP: 46/55 MP: 6/6
  2383 | D:4      | Reached skill level 4 in Armour
  2692 | D:4      | Reached *** piety under Trog
  2702 | D:4      | Reached skill level 5 in Maces & Flails
  3280 | D:5      | Entered Level 5 of the Dungeon
  3280 | D:5      | Noticed Prince Ribbit
  3287 | D:5      | Reached skill level 5 in Armour
  3287 | D:5      | Reached XP level 7. HP: 63/63 MP: 7/7
  3493 | D:5      | Killed Prince Ribbit
  3494 | D:5      | Reached skill level 1 in Throwing
  3494 | D:5      | Reached skill level 6 in Armour
  3591 | D:5      | Found a staircase to the Ecumenical Temple.
  3900 | D:5      | Noticed Duvessa
  3900 | D:5      | Noticed Dowan
  3907 | D:5      | Killed Duvessa
  3908 | D:5      | Reached XP level 8. HP: 71/71 MP: 8/8
  3914 | D:5      | Killed Dowan
  4165 | D:6      | Reached skill level 7 in Armour
  4331 | D:6      | Identified the +0 helmet of Gestures {Str+2}
  4362 | D:6      | Reached skill level 5 in Fighting
  4375 | D:6      | Reached skill level 8 in Armour
  4399 | D:6      | Reached **** piety under Trog
  5183 | D:7      | Reached XP level 9. HP: 63/79 MP: 9/9
  5716 | D:7      | Reached skill level 9 in Armour
  6139 | D:8      | Noticed Erica
  6156 | D:8      | Killed Erica
  6547 | D:8      | Reached skill level 10 in Armour
  6785 | D:8      | Found a runed translucent gate.
  6785 | D:8      | Found a runed translucent gate.
  6786 | D:8      | Found a runed translucent gate.
  6786 | D:8      | Noticed Esekla's ghost (novice DENe)
  6858 | D:8      | Found a viscous altar of Jiyva.
  6987 | D:8      | Killed Esekla's ghost
  6988 | D:8      | Reached XP level 10. HP: 89/89 MP: 10/10
  7258 | D:9      | Reached skill level 10 in Maces & Flails
  7640 | D:9      | Noticed a tengu warrior
  7647 | D:9      | Reached ***** piety under Trog
  7650 | D:9      | Noticed a two-headed ogre
  7653 | D:9      | Reached skill level 11 in Armour
  7655 | D:9      | Noticed a cyclops
  7661 | D:9      | Killed a tengu warrior
  7666 | D:9      | Killed a two-headed ogre
  7672 | D:9      | Killed a cyclops
  7687 | D:9      | Reached XP level 11. HP: 67/98 MP: 11/11
  8070 | D:9      | You fall into a shaft and drop 2 floors!
  8075 | D:11     | Noticed an ogre mage
  8086 | D:11     | Killed an ogre mage
  8126 | D:11     | Found Suesidor's General Store.
  8563 | D:11     | Found Ikena's Book Shoppe.
  8575 | D:11     | Reached skill level 12 in Armour
  8591 | D:11     | Found Juygg's Antique Armour Shoppe.
  8728 | D:11     | Found Giliev's Magic Scroll Shop.
  8746 | D:11     | Found Rergheewk's Antique Armour Shop.
  8783 | D:11     | Found a runed translucent gate.
  8783 | D:11     | Found a runed translucent gate.
  8783 | D:11     | Found an opulent altar of Gozag.
  8788 | D:11     | Found a runed translucent gate.
  8829 | D:11     | Noticed Stellion's ghost (journeyman DrCj)
  9031 | D:11     | Noticed a death knight
  9042 | D:11     | Mangled by a death knight

Illustrated notes

Levels and vault maps discovered:
D:1:      shiori_arrival_maze, layout_loops_ring, minmay_octomino_j4
D:2:      layout_rooms, serial_bayou_lagoon_a
D:3:      layout_basic, serial_shops, nicolae_shop_pleasant_corner_grove
D:4:      layout_layer_cave, minmay_goblin_outpost
D:5:      layout_rooms, minmay_temple_entry_proselytizer,
          dreamdust_princess_corridor, minivault_14, roderic_serpentine_path,
          uniq_prince_ribbit1, uniq_duvessa
D:6:      layout_basic
D:7:      layout_basic
D:8:      layout_cave_pools, gammafunk_ghost_ooze, uniq_erica
D:9:      minmay_bloctagon, layout_grid_maze
D:11:     layout_loops_ring, ebering_ghost_gozag, serial_shops,
          nicolae_take_the_stairs, nicolae_diamond_shop, shop, shop,
          nicolae_shop_advertising_works [nicolae_subvault_shop_adworks],
          grunt_decor_clamped, minmay_stone_trees_small,
          chequers_serial_rivers_micro_c, minmay_three_doors

Skill      XL: |  1  2  3  4  5  6  7  8  9 10 11 |
---------------+----------------------------------+-----
Fighting       | 3 4 5 6 7 |  7.5
Maces & Flails | 3 4 5 6 7 9 11 | 11.5
Armour         | 3 5 6 8 10 11 12 | 12.1
Throwing       | 1 |  1.3
Dodging        | 2 |  2.2
Stealth        | |  0.8

Action                     |  1- 3 |  4- 6 |  7- 9 | 10-12 || total
---------------------------+-------+-------+-------+-------++-------
  Melee: Mace              |    81 |   137 |   296 |    79 ||   593
         Tailslap          |    10 |    23 |    36 |    39 ||   108
         Punch             |       |     2 |     3 |     2 ||     7
         Dire flail        |       |       |       |   147 ||   147
  Throw: Dart              |       |     7 |       |       ||     7
 Invoke: Berserk           |     1 |     2 |    10 |     5 ||    18
    Use: Scroll            |       |    14 |     1 |     2 ||    17
 Armour: Animal skin       |     3 |       |       |       ||     3
         Plate armour      |    30 |    91 |   239 |   188 ||   548
  Dodge: Dodged            |    54 |    79 |   172 |   146 ||   451
